 Dungeon Sprint DCSS version 0.30-a0-585-g93115170b9 (webtiles) character file.

Game seed: 13973210339524396998

1989 mhtbhm the Transmogrifier (level 9, 0/76 HPs)
             Began as a Merfolk Transmuter on Jan 3, 2023.
             Slain by a centaur (1 damage)
             ... in the Dungeon (Sprint III: "The Ten Rune Challenge").
             The game lasted 00:04:53 (1388 turns).

mhtbhm the Transmogrifier (Merfolk Transmuter)      Turns: 1388, Time: 00:04:53

Health: 0/76       AC:  8    Str: 19    XL:     9   Next: 21%
Magic:  19/22      EV: 13    Int: 11    God:
Gold:   44         SH:  0    Dex: 13    Spells: 17/27 levels left

rFire   x . .      SeeInvis .      - Unarmed
rCold   + + +      Faith    .    (shield currently unavailable)
rNeg    . . .      Spirit   .    (body armour currently unavailable)
rPois   +          Reflect  .    (helmet currently unavailable)
rElec   .          Harm     .    (cloak currently unavailable)
rCorr   .          Rampage  .    (gloves currently unavailable)
Will    .....      NoTele   +    (boots currently unavailable)
Stlth   +++                      (no amulet)
HPRegen 0.32/turn                (no ring)
MPRegen 0.18/turn                (no ring)

@: ice-form, wereblooded
A: freezing attack, boosted hp, large, (nimble swimmer 2), (mertail), strong 1,
wild magic 1, MP-powered wands
a: End Transformation


You were in the Dungeon.
You were a creature of crystalline ice.
You visited 1 branch You collected 44 gold pieces.

Inventory:

Armour
 a - a +3 troll leather armour (melded) {Snorg}
 e - a +2 hat (melded)
Scrolls
 h - a scroll of blinking
 i - a scroll of enchant armour {unknown}
 k - 4 scrolls of identify {unknown}
 m - a scroll of immolation {unknown}
Potions
 b - a potion of lignification
 c - 2 potions of curing
 f - 2 potions of magic
 j - a potion of attraction {unknown}
 l - a potion of flight {unknown}
 n - 4 potions of mutation
Miscellaneous
 d - a phantom mirror


   Skills:
 + Level 3.5 Fighting
 + Level 8.5 Dodging
 + Level 5.5 Stealth
 + Level 12.3 Unarmed Combat
 + Level 9.8 Spellcasting
 + Level 12.6 Transmutations
 + Level 5.1 Ice Magic
 + Level 1.5 Poison Magic
 + Level 0.5 Evocations


You had 17 spell levels left.
You knew the following spells:

 Your Spells              Type           Power      Damage    Failure   Level
a - Beastly Appendage     Tmut           86%        N/A       1%          1
b - Wereblood             Tmut           43%        N/A       1%          2
c - Spider Form           Tmut/Pois      27%        N/A       4%          3
d - Ice Form              Ice/Tmut       32%        N/A       5%          4

Your spell library contained the following spells:

 Spells                   Type           Power      Damage    Failure   Level
 Ensorcelled Hibernation  Hex/Ice        28%        N/A       11%         2
 Anguish                  Hex/Necr       3%         N/A       85%         4


Dungeon Overview and Level Annotations

Branches:
Dungeon (1/1)

Altars:
Cheibriados
Dithmenos
Elyvilon
Fedhas
Gozag
Hepliaklqana
Kikubaaqudgha
Makhleb
Nemelex Xobeh
Okawaru
Qazlal
Ru
Sif Muna
Trog
Uskayaw
Vehumet
Wu Jian
Xom
Yredelemnul
Zin
The Shining One
Jiyva
Lugonu


Innate Abilities, Weirdness & Mutations

You are a creature of crystalline ice.
You have a powerful freezing melee attack.
Your maximum health is increased.
Your armour is entirely melded.
You are incapable of wielding weapons or throwing items.
((You are very nimble when in or above water. (Stealth+, EV+, Speed+++)))
((Your lower body shifts to a powerful aquatic tail in water.))
Your muscles are strong. (Str +4, Int/Dex -1)
Your spells are a little harder to cast, but a little more powerful.
You expend magic power (3 MP) to strengthen your wands.


Message History

You are too injured to fight recklessly!
You are too injured to fight recklessly!
You are too injured to fight recklessly!
You are too injured to fight recklessly!
You are too injured to fight recklessly!
You are too injured to fight recklessly!
You are too injured to fight recklessly!
You are too injured to fight recklessly!
You are too injured to fight recklessly!
You are too injured to fight recklessly!
You are too injured to fight recklessly!
You are too injured to fight recklessly!
You are too injured to fight recklessly!
You are too injured to fight recklessly!
You are too injured to fight recklessly!
You are too injured to fight recklessly!
Unknown command.
You punch the centaur warrior! You freeze the centaur warrior.
The centaur warrior is almost dead.
The centaur warrior hits you!
* * * LOW HITPOINT WARNING * * *
The centaur warrior kicks you but does no damage.
The centaur hits you but does no damage.
The centaur misses you.
The centaur hits you but does no damage.
The centaur closely misses you. The centaur warrior hits you!
* * * LOW HITPOINT WARNING * * *
The centaur warrior barely misses you.
Unknown command.
Okay, then.
As you read the scroll labelled TUSUATU HYIG, it crumbles to dust.
Your body is wracked with pain!
* * * LOW HITPOINT WARNING * * *
The centaur convulses!
The centaur warrior convulses!
The centaur convulses!
It was a scroll of torment.
The centaur hits you.
* * * LOW HITPOINT WARNING * * *
The centaur kicks you but does no damage.
The centaur hits you but does no damage.
The centaur kicks you.
You die...

__#__# _)#†_# ###'##
.....# .....# ####'#
_#...#+#############
_#...#..§~§'.#.'...+
_#...#.#§~§#.#.#Yc.#
_#...'.#§§§#.#.#cc.#
_'...#.#.†§#...#...#
▓▓▓▓▓▓▓▓▓▓▓▓▓▓▓▓▓▓▓#


You could see a centaur warrior and 2 centaurs.

Vanquished Creatures
  Snorg (D)
  A deep elf pyromancer (D)
  A shadow (D)
  A spatial vortex (D)
  An earth elemental (D)
  A water elemental (D)
  A necrophage (D)
  A jelly (D)
  A wizard (D)
  A necromancer (D)
  3 humans (D)
  A kobold demonologist (D)
  A phantom (D)
  An endoplasm (D)
  3 rats (D)
19 creatures vanquished.

Notes
Turn   | Place    | Note
-------+----------+-------------------------------------------
     0 | D        | mhtbhm the Merfolk Transmuter began the quest for the Orb.
     0 | D        | Reached XP level 1. HP: 15/15 MP: 3/3
   104 | D        | Reached skill level 5 in Unarmed Combat
   104 | D        | Reached XP level 2. HP: 10/21 MP: 2/5
   160 | D        | Learned a level 2 spell: Wereblood
   178 | D        | Reached XP level 3. HP: 16/26 MP: 3/7
   202 | D        | Gained mutation: Your spells are a little harder to cast,
                  | but a little more powerful. [potion of mutation]
   202 | D        | Gained mutation: Your muscles are strong. (Str +4, Int/Dex
                  | -1) [potion of mutation]
   202 | D        | Gained mutation: You expend magic power (3 MP) to
                  | strengthen your wands. [potion of mutation]
   226 | D        | Learned a level 3 spell: Spider Form
   243 | D        | Noticed a water elemental
   272 | D        | Killed a water elemental
   273 | D        | Reached skill level 5 in Transmutations
   273 | D        | Reached XP level 4. HP: 21/33 MP: 5/9
   342 | D        | Learned a level 4 spell: Ice Form
   345 | D        | Found a radiant altar of Vehumet.
   345 | D        | Noticed a wizard
   346 | D        | Found a shimmering blue altar of Sif Muna.
   346 | D        | Found an ancient bone altar of Kikubaaqudgha.
   349 | D        | Killed a wizard
   350 | D        | Reached skill level 5 in Dodging
   353 | D        | Reached XP level 5. HP: 36/38 MP: 4/11
   838 | D        | Noticed a shadow
   846 | D        | Reached skill level 1 in Stealth
   846 | D        | Killed a shadow
   847 | D        | Reached XP level 6. HP: 30/46 MP: 6/15
   928 | D        | Found a blossoming altar of Fedhas.
   928 | D        | Found a stormy altar of Qazlal.
   928 | D        | Found a snail-covered altar of Cheibriados.
   928 | D        | Found a burning altar of Makhleb.
   928 | D        | Found a shimmering altar of Xom.
   929 | D        | Found a hazy altar of Hepliaklqana.
   929 | D        | Found an opulent altar of Gozag.
   929 | D        | Found a sparkling altar of Nemelex Xobeh.
   929 | D        | Found a corrupted altar of Lugonu.
   929 | D        | Found a viscous altar of Jiyva.
   929 | D        | Noticed a spatial vortex
   935 | D        | Killed a spatial vortex
   936 | D        | Reached XP level 7. HP: 47/51 MP: 11/17
  1039 | D        | Found a basalt altar of Yredelemnul.
  1039 | D        | Found a shadowy altar of Dithmenos.
  1039 | D        | Found a sacrificial altar of Ru.
  1049 | D        | Found a hide-covered altar of Uskayaw.
  1049 | D        | Found an iron altar of Okawaru.
  1049 | D        | Found a bloodstained altar of Trog.
  1049 | D        | Found an ornate altar of the Wu Jian Council.
  1049 | D        | Noticed a human
  1050 | D        | Noticed a human
  1055 | D        | Killed a human
  1056 | D        | Reached skill level 10 in Unarmed Combat
  1056 | D        | Reached skill level 10 in Transmutations
  1056 | D        | Reached skill level 1 in Poison Magic
  1058 | D        | Killed a human
  1110 | D        | Found a glowing silver altar of Zin.
  1110 | D        | Found a glowing golden altar of the Shining One.
  1110 | D        | Found a white marble altar of Elyvilon.
  1111 | D        | Noticed a deep elf pyromancer
  1119 | D        | Killed a deep elf pyromancer
  1120 | D        | Reached XP level 8. HP: 37/58 MP: 14/20
  1246 | D        | Noticed Snorg
  1252 | D        | Killed Snorg
  1253 | D        | Reached skill level 5 in Stealth
  1253 | D        | Reached skill level 5 in Ice Magic
  1253 | D        | Reached XP level 9. HP: 64/64 MP: 16/22
  1382 | D        | Noticed a centaur warrior
  1388 | D        | HP: 1/76 [centaur (4)]
  1388 | D        | Slain by a centaur

Illustrated notes

Levels and vault maps discovered:
D:        dungeon_sprint_mu [sprint_mu_entry_forest, sprint_mu_temple_rooms,
          sprint_mu_d1_horrors, sprint_mu_d2_genie, sprint_mu_d3_branching,
          sprint_mu_orc_legion, sprint_mu_elf_gauntlet, sprint_mu_hive_nellie,
          sprint_mu_lair_fedhas, sprint_mu_vaults_butterflies,
          sprint_mu_slime_circle, sprint_mu_swamp_cave, sprint_mu_shoals_kraken,
          sprint_mu_blade_basic, sprint_mu_crypt_fortress,
          sprint_mu_tomb_spiral, sprint_mu_vestibule_basic,
          sprint_mu_gehenna_hellfire, sprint_mu_dis_giant,
          sprint_mu_tartarus_statrot, sprint_mu_cocytus_islands, sprint_mu_zot1]

Skill      XL: |  1  2  3  4  5  6  7  8 |
---------------+-------------------------+-----
Transmutations | 3 5 6 8 9 11 12 | 12.6
Unarmed Combat | 5 7 9 11 12 | 12.3
Dodging        | 3 4 5 6 8 |  8.5
Spellcasting   | 3 4 6 8 9 |  9.8
Fighting       | 2 3 |  3.5
Stealth        | 2 4 5 |  5.5
Ice Magic      | 2 4 5 |  5.1
Poison Magic   | 1 |  1.5
Evocations     | |  0.5

Action                   |  1- 3 |  4- 6 |  7- 9 || total
-------------------------+-------+-------+-------++-------
Melee: Unarmed           |    36 |    17 |    30 ||    83
       Punch             |     2 |       |       ||     2
       Headbutt          |     5 |       |       ||     5
       Tailslap          |     5 |       |       ||     5
 Cast: Beastly Appendage |     4 |     2 |       ||     6
       Wereblood         |     2 |     4 |     5 ||    11
       Spider Form       |       |     1 |     1 ||     2
       Ice Form          |       |     2 |     4 ||     6
Evoke: Phantom mirror    |       |       |     1 ||     1
  Use: Potion            |     5 |       |       ||     5
       Scroll            |       |       |     1 ||     1
 Stab: Sleeping          |       |     1 |     1 ||     2
Armor: Robe              |     1 |       |       ||     1
       Skin              |       |     2 |    15 ||    17
Dodge: Dodged            |    14 |    10 |    20 ||    44

Table legend: (Time is in decaauts)
 A = Elapsed time spent in this place.
 B = Non-inter-level travel time spent in this place.
 C = Inter-level travel time spent in this place.
 D = Time resting spent in this place.
 E = Time spent auto-exploring this place.
 F = Levels seen in this place.
 G = Mean time per level.
                   A        B        C        D        E       F      G
               +--------+--------+--------+--------+--------+-----+--------+
         Total |   1360 |   1360 |      0 |    941 |      1 |   1 | 1360.0 |
       Dungeon |   1360 |   1360 |      0 |    941 |      1 |   1 | 1360.0 |
               +--------+--------+--------+--------+--------+-----+--------+

Top non-repeatable levels by time:
       D: 1360 daAuts
